 Dungeon Crawl Stone Soup version 0.21.1-1-g345015f (webtiles) character file.

8757 kae the Martial Artist (level 11, -2/72 HPs)
             Began as an Octopode Transmuter on May 29, 2018.
             Was a High Priest of Okawaru.
             Slain by a wight
             ... wielding a +0 halberd
              (10 damage)
             ... on level 1 of the Abyss.
             The game lasted 00:15:50 (13483 turns).

kae the Martial Artist (Octopode Transmuter)       Turns: 13483, Time: 00:15:51

Health: -2/72      AC:  1    Str: 10    XL:     11   Next: 35%
Magic:  0/20       EV: 20    Int: 15    God:    Okawaru [*****.]
Gold:   581        SH:  0    Dex: 22    Spells: 7/22 levels left

rFire    + . .     SeeInvis .     - Unarmed
rCold    x . .     Gourm    .   (shield currently unavailable)
rNeg     . . .     Faith    .   (helmet restricted)
rPois    .         Spirit   +   q - amulet of guardian spirit
rElec    .         Reflect  .   d - +3 ring of evasion
rCorr    +         Harm     .   s - ring of stealth
MR       .....                  E - +6 ring of dexterity
Stlth    ++++......             C - ring of resist corrosion
HPRegen  0.22/turn              I - ring of fire
MPRegen  0.17/turn              (no ring)
                                (no ring)
                                (no ring)

@: blade tentacles (expiring), flying, very slightly contaminated, drained
A: almost no armour, stealthy swim, amphibious, 8 rings, constrict 8, camouflage
1, gelatinous body 1
a: End Transformation, Heroism, Finesse, Renounce Religion


You were on level 1 of the Abyss.
You worshipped Okawaru.
Okawaru was extremely pleased with you.
You were not hungry.
You had blades for tentacles.
You visited 1 branch of the dungeon, and saw 10 of its levels.
You visited the Abyss 1 time.
You also visited: Bailey.

You collected 581 gold pieces.

Inventory:

Missiles
 a - 196 arrows
Jewellery
 d - a +3 ring of evasion (left scythe-like blade)
 q - an amulet of guardian spirit (around mantle)
 s - a ring of stealth (right scythe-like blade)
 C - a ring of resist corrosion (on tentacle)
 E - a +6 ring of dexterity (on tentacle)
 I - a ring of fire (on tentacle)
Wands
 z - a wand of acid (11)
 B - a wand of disintegration (14)
 F - a wand of polymorph (12)
Scrolls
 e - 2 scrolls of remove curse
 f - a scroll of fear
 h - 2 scrolls of acquirement {unknown}
 k - a scroll of amnesia
 l - a scroll of fog
 n - 3 scrolls of magic mapping
 r - 6 scrolls of teleportation
 u - 3 scrolls of enchant weapon
 y - 2 scrolls of blinking
 H - a scroll of identify
 J - a scroll of holy word {unknown}
Potions
 g - a potion of might
 i - a potion of agility
 j - 4 potions of curing
 m - 2 potions of lignification
 o - a potion of magic
 p - 3 potions of mutation
 t - a potion of brilliance
 v - 3 potions of cancellation
 w - a potion of berserk rage
 x - 3 potions of heal wounds
 A - 2 potions of ambrosia
 D - a potion of invisibility
Books
 b - a book of Changes

   Spells                             Type                      Level
   a - Beastly Appendage              Transmutation                1
   b - Sticks to Snakes               Transmutation                2
   c - Spider Form                    Transmutation/Poison         3
   d - Ice Form                       Ice/Transmutation            4
   e - Blade Hands                    Transmutation                5
 K - a book of Frost

   Spells                             Type                      Level
   a - Freeze                         Ice                          1
   b - Throw Frost                    Conjuration/Ice              2
   c - Ozocubu's Armour               Charms/Ice                   3
   d - Throw Icicle                   Conjuration/Ice              4
   e - Summon Ice Beast               Ice/Summoning                4
 L - a book of Flames

   Spells                             Type                      Level
   a - Flame Tongue                   Conjuration/Fire             1
   b - Throw Flame                    Conjuration/Fire             2
   c - Conjure Flame                  Conjuration/Fire             3
   d - Inner Flame                    Hexes/Fire                   3
   e - Sticky Flame                   Conjuration/Fire             4
   f - Fireball                       Conjuration/Fire             5
Comestibles
 c - 13 rations


   Skills:
 + Level 6.1(4.9) Fighting
 + Level 6.4(5.2) Dodging
 * Level 9.4(8.1) Unarmed Combat
 + Level 6.0(4.8) Spellcasting
 * Level 9.1(7.8) Transmutations
 + Level 6.3(5.1) Invocations


You had 7 spell levels left.
You knew the following spells:

 Your Spells              Type           Power        Failure   Level  Hunger
a - Beastly Appendage     Tmut           ####..       13%         1    None
b - Sticks to Snakes      Tmut           ####....     16%         2    ##.....
c - Spider Form           Tmut/Pois      ###.......   45%         3    ###....
d - Blade Hands           Tmut           ####......   61%         5    ######.
e - Ice Form              Ice/Tmut       ###.....     75%         4    ####...


Dungeon Overview and Level Annotations

Branches:
Dungeon (10/15)            Temple (0/1) D:4
   Lair: D:8-11         Orc: D:9-12

Altars:
Cheibriados
Dithmenos
Hepliaklqana
Kikubaaqudgha
Makhleb
Nemelex Xobeh
Okawaru
Sif Muna
Trog
Wu Jian
Zin
The Shining One

Annotations:
D:4 kalagan's ghost, amateur DESu
D:10 Fannar; Sonja


Innate Abilities, Weirdness & Mutations

You cannot wear most types of armour.
You are very stealthy in the water. (Stealth+)
You are amphibious.
You can wear up to eight rings at the same time.
You can use your tentacles to constrict eight enemies at once.
Your skin changes colour to match your surroundings (Stealth+).
Your rubbery body absorbs attacks. (AC +1, EV +1)


Message History

The wight hits you with a falchion!
You feel drained. The wight misses you.
The wight hits you from afar with an enchanted halberd!
* * * LOW HITPOINT WARNING * * *
You don't have enough magic at the moment.
You slash the wight!
You destroy the wight!
Okawaru accepts your kill.
Your transformation is almost over.
You constrict the wight. The wight barely misses you.
You slice the wight!!
You destroy the wight!
Okawaru accepts your kill. The wight misses you.
The wight hits you from afar with an enchanted halberd.
* * * LOW HITPOINT WARNING * * *
It was a potion of flight.
You feel very buoyant.
You fly up into the air.
The wight hits you from afar with a halberd!
You die...

..$.... #.....
#..... .
#..... ..
##.)..# # #
##....z# ..
#....))#. . .
#...z)@+._ ..
#......#......
........# # ..
....%.... .
###......
#........
.......#.#
....... ..


You could see 2 wights.

Vanquished Creatures
  A two-headed ogre (D:8)
  An orc knight (Bailey)
  Pikel (D:7)
  A centaur zombie (D:10)
  Psyche (D:10)
  3 trolls
  Prince Ribbit (D:9)
  2 hippogriffs (D:9)
  A wraith (D:10)
  A wyvern (D:9)
  Eustachio (D:5)
  8 orc warriors
  A slave (D:7)
  3 black bears
  3 phantoms
  3 ice beasts
  A necrophage (D:3)
  4 ogres
  3 centaurs
  A big kobold (D:10)
  A crocodile (D:9)
  Blork the orc (D:5)
  A bullfrog (D:8)
  3 scorpions
  17 wights
  A howler monkey (D:6)
  9 crimson imps
  A bullfrog zombie (D:6)
  A quasit (D:10)
  3 hounds
  8 orc priests
  A bullfrog skeleton (D:8)
  4 jellies
  2 centaur skeletons
  4 iguanas
  9 orc wizards
  6 worker ants
  A killer bee zombie (D:5)
  2 hound skeletons
  8 gnolls
  8 adders
  3 shadow imps
  2 oozes
  An adder zombie (D:8)
  An adder skeleton (D:4)
  6 worms
  A dart slug (D:1)
  10 leopard geckos
  30 orcs
  7 bats
  3 giant cockroaches
  12 goblins
  10 hobgoblins
  4 quokkas
  A ball python (D:1)
  8 frilled lizards
  28 kobolds
  A quokka skeleton (D:4)
  6 rats
266 creatures vanquished.

Vanquished Creatures (others)
  A slave (D:7)
1 creature vanquished.

Grand Total: 267 creatures vanquished

Notes
Turn   | Place    | Note
-------+----------+-------------------------------------------
     0 | D:1      | kae the Octopode Transmuter began the quest for the Orb.
     0 | D:1      | Reached XP level 1. HP: 13/13 MP: 3/3
    84 | D:1      | Reached XP level 2. HP: 15/18 MP: 5/5
  1096 | D:2      | Found a glowing golden altar of the Shining One.
  1104 | D:2      | Reached XP level 3. HP: 23/23 MP: 4/6
  1658 | D:2      | Reached XP level 4. HP: 17/28 MP: 5/7
  1774 | D:1      | Learned a level 2 spell: Sticks to Snakes
  1778 | D:1      | Learned a level 3 spell: Spider Form
  2129 | D:2      | Found a snail-covered altar of Cheibriados.
  2132 | D:2      | Found a shadowy altar of Dithmenos.
  2135 | D:2      | Found a hazy altar of Hepliaklqana.
  2187 | D:2      | Found a burning altar of Makhleb.
  2594 | D:3      | Reached XP level 5. HP: 32/34 MP: 6/8
  2880 | D:3      | Found an iron altar of Okawaru.
  2939 | D:3      | Became a worshipper of Warmaster Okawaru
  3230 | D:3      | Found a deep blue altar of Sif Muna.
  3526 | D:3      | Noticed a necrophage
  3534 | D:3      | Killed a necrophage
  3534 | D:3      | Reached XP level 6. HP: 22/38 MP: 10/10
  3722 | D:4      | Found an ornate altar of the Wu Jian Council.
  3746 | D:4      | Reached skill level 1 in Invocations
  3778 | D:4      | Noticed kalagan's ghost (amateur DESu)
  4139 | D:4      | Found a sparkling altar of Nemelex Xobeh.
  4585 | D:4      | Found a staircase to the Ecumenical Temple.
  4877 | D:5      | Entered Level 5 of the Dungeon
  4879 | D:5      | Noticed an ice beast
  4893 | D:5      | Killed an ice beast
  4893 | D:5      | Reached XP level 7. HP: 23/44 MP: 7/11
  5246 | D:5      | Noticed a troll
  5255 | D:5      | Killed a troll
  5255 | D:5      | Reached * piety under Okawaru
  5255 | D:5      | Reached skill level 5 in Unarmed Combat
  5440 | D:5      | Noticed Blork the orc
  5591 | D:5      | Killed Blork the orc
  5591 | D:5      | Reached XP level 8. HP: 46/51 MP: 9/13
  5687 | D:5      | Noticed Eustachio
  5801 | D:5      | Reached skill level 5 in Transmutations
  5822 | D:5      | Killed Eustachio
  6542 | D:6      | Reached ** piety under Okawaru
  7019 | D:6      | Reached XP level 9. HP: 36/57 MP: 6/15
  7255 | D:6      | Found a burning altar of Makhleb.
  7500 | D:6      | Found a glowing silver altar of Zin.
  8234 | D:7      | Noticed Pikel
  8253 | D:7      | Killed Pikel
  8318 | D:7      | Reached *** piety under Okawaru
  8405 | D:7      | Noticed a troll
  8422 | D:7      | Killed a troll
  8422 | D:7      | Reached skill level 5 in Dodging
  8924 | D:7      | Reached XP level 10. HP: 61/65 MP: 13/17
  8986 | D:8      | Reached skill level 5 in Spellcasting
  9076 | D:8      | Found a flagged portal.
  9096 | Bailey   | Entered a bailey
  9144 | Bailey   | Noticed an orc warlord
  9204 | Bailey   | Reached skill level 5 in Fighting
  9218 | Bailey   | Reached skill level 5 in Invocations
  9496 | Bailey   | Found a runed gate.
  9499 | Bailey   | Found a runed gate.
  9500 | Bailey   | Found a runed gate.
  9507 | Bailey   | Noticed an orc knight
  9545 | Bailey   | Killed an orc knight
 10236 | D:8      | Received a gift from Okawaru
 10285 | D:8      | Noticed a two-headed ogre
 10302 | D:8      | Killed a two-headed ogre
 10302 | D:8      | Reached **** piety under Okawaru
 10316 | D:8      | Found a bloodstained altar of Trog.
 10610 | D:8      | Found an ancient bone altar of Kikubaaqudgha.
 10707 | D:9      | Learned a level 5 spell: Blade Hands
 10712 | D:9      | Learned a level 4 spell: Ice Form
 11119 | D:9      | Noticed Prince Ribbit
 11137 | D:9      | Killed Prince Ribbit
 11521 | D:9      | Reached XP level 11. HP: 72/72 MP: 15/19
 11790 | D:9      | Reached ***** piety under Okawaru
 11944 | D:10     | Entered Level 10 of the Dungeon
 11944 | D:10     | Noticed Fannar
 12007 | D:10     | Noticed Psyche
 12706 | D:10     | Killed Psyche
 12733 | D:10     | Received a gift from Okawaru
 13117 | D:10     | Noticed Sonja
 13439 | D:10     | Cast into level 1 of the Abyss (Sonja)
 13439 | Abyss:1  | Found a corrupted altar of Lugonu.
 13483 | Abyss:1  | Slain by a wight

Skill      XL: |  1  2  3  4  5  6  7  8  9 10 11 |
---------------+----------------------------------+-----
Transmutations | 3 4 6 7 8 9 |  9.1
Unarmed Combat | 4 5 6 7 8 9 |  9.4
Fighting       | 2 3 4 5 6 |  6.1
Invocations    | 1 2 3 4 5 6 |  6.3
Spellcasting   | 3 4 5 6 |  6.0
Dodging        | 3 4 5 6 |  6.4

Action                   |  1- 3 |  4- 6 |  7- 9 | 10-12 || total
-------------------------+-------+-------+-------+-------++-------
Melee: Unarmed           |    78 |   151 |   273 |   344 ||   846
       Constrict         |    24 |    27 |    34 |    56 ||   141
       Kick              |    12 |    12 |     7 |     3 ||    34
       Tentacles         |    12 |    32 |    46 |    65 ||   155
       Punch             |       |     1 |     9 |    19 ||    29
 Cast: Beastly Appendage |    12 |     8 |     3 |     2 ||    25
       Spider Form       |       |     2 |    12 |    10 ||    24
       Sticks to Snakes  |       |       |       |     2 ||     2
       Blade Hands       |       |       |       |     3 ||     3
       Ice Form          |       |       |       |     1 ||     1
Invok: Heroism           |       |       |    10 |     5 ||    15
  Use: Scroll            |       |    13 |     1 |    12 ||    26
       Potion            |       |       |     3 |     1 ||     4
 Stab: Sleeping          |     6 |     8 |     9 |    10 ||    33
  Eat: Chunk             |     2 |    11 |     7 |    14 ||    34
       Ration            |       |       |     2 |     1 ||     3
Armor: Skin              |     9 |     3 |    10 |     6 ||    28
Dodge: Dodged            |    29 |    84 |   238 |   342 ||   693
